 Dungeon Crawl Stone Soup version 0.31-a0-506-g3d79149578 (webtiles) character file.

Game seed: 13076982264791802163

305 GordonOverkill the Sneak (level 6, -3/42 HPs)
             Began as an Octopode Delver on Aug 9, 2023.
             Was an Initiate of Vehumet.
             Slain by an orc
             ... wielding a +0 hand axe
              (5 damage)
             ... on level 6 of the Dungeon.
             The game lasted 00:03:36 (532 turns).

GordonOverkill the Sneak (Octopode Delver)           Turns: 532, Time: 00:03:36

Health: -3/42      AC:  1    Str: 11    XL:     6   Next: 39%
Magic:  9/9        EV: 13    Int: 15    God:    Vehumet [......]
Gold:   11         SH:  0    Dex: 13    Spells: 9/9 levels left

rFire   . . .        a - +0 short sword
rCold   . . .        (no shield)
rNeg    . . .        (helmet restricted)
rPois   .            (no amulet)
rElec   .            (no ring)
rCorr   .            (no ring)
SInv    .            (no ring)
Will    .....        (no ring)
Stlth   ++           (no ring)
HPRegen 0.27/turn    (no ring)
MPRegen 0.11/turn    (no ring)
                     (no ring)

%: no passive effects
@: confused
A: almost no armour, amphibious, 8 rings, camouflage 1, gelatinous body 1,
(nimble swimmer 1), tentacles
a: Renounce Religion


You were on level 6 of the Dungeon.
You worshipped Vehumet.
Vehumet was noncommittal.
You visited 2 branches of the dungeon, and saw 5 of its levels.

You collected 11 gold pieces.

Inventory:

Hand Weapons
 a - a +0 short sword (weapon)
Wands
 e - a wand of iceblast (8)
 f - a wand of digging (3)
Scrolls
 b - a scroll of fog
 g - a scroll of teleportation {unknown}
 h - a scroll of identify {unknown}
 i - a scroll of vulnerability {unknown}


   Skills:
 - Level 3.0 Fighting
 - Level 5.0 Short Blades
 - Level 2.0 Dodging
 - Level 6.6 Stealth
 - Level 2.0 Spellcasting
 + Level 3.4 Evocations


You had 9 spell levels left.
You didn't know any spells.
Your spell library contained the following spells:

 Spells                   Type           Power      Damage    Failure   Level
 Scorch                   Fire           2%         2d5       32%         2
 Portal Projectile        Hex/Tloc       2%         N/A       54%         3
 Tukima's Dance           Hex            1%         N/A       54%         3
 Flame Wave               Conj/Fire      1%         2d4       91%         4
 Iskenderun's Mystic Bla  Conj/Tloc      1%         2d3       91%         4
 Summon Cactus Giant      Summ           0%         N/A       100%        6


Dungeon Overview and Level Annotations

Branches:
Dungeon (8/15)             Temple (1/1) D:6
   Lair: D:8-11

Altars:
Ashenzari
Cheibriados
Elyvilon
Fedhas
Gozag
Hepliaklqana
Kikubaaqudgha
Makhleb
Nemelex Xobeh
Okawaru
Ru
Sif Muna
Trog
Uskayaw
Vehumet
Wu Jian
Yredelemnul
Zin
The Shining One

Shops:
D:5 :

Annotations:
D:6 Grinder


Innate Abilities, Weirdness & Mutations

You cannot wear most types of armour.
You are amphibious.
You can wear up to eight rings at the same time.
Your skin changes colour to match your surroundings (Stealth+).
Your rubbery body absorbs attacks. (AC +1, EV +1)
((You are camouflaged when in or above water. (Stealth+)))
You have tentacles for arms and can constrict up to eight enemies at once.


Message History

Unknown command.
You aren't carrying any potions.
You hit the orc. You grab the orc.
The orc is severely wounded.
You constrict the orc, but do no damage.
You hit the orc.
You kill the orc!
Vehumet accepts your kill.
As you read the scroll labelled VOWNITR SURYI, it crumbles to dust.
It is a scroll of enchant armour.
You aren't carrying any armour which can be enchanted further.
Something hits you.
* * * LOW HITPOINT WARNING * * *
The sleepcap barely misses you.
As you read the scroll labelled QUINTIW KASH, it crumbles to dust.
The creatures around you are filled with an inner flame!
It was a scroll of immolation.
The sleepcap barely misses you.
You hear some strange, mumbled words.
You are confused.
You are too confused!
Unknown command.
Something hits you.
* * * LOW HITPOINT WARNING * * *
The orc closely misses you. The sleepcap closely misses you.
The sleepcap attacks as you move away! The sleepcap misses you.
You hear some strange, mumbled words.
Something tries to affect you, but you resist.
The orc closely misses you. The sleepcap releases spores at you!
* * * LOW HITPOINT WARNING * * *
You are engulfed in a cloud of soporific spores!
You fall asleep.
Something hits you!
You wake up.
* * * LOW HITPOINT WARNING * * *
Unknown command.
Unknown command.
You aren't carrying any potions.
Unknown command.
Unknown command.
You hit the sleepcap but do no damage. The orc hits you with a +0 hand axe.
You die...

##.........).....#####.?....##...
##.###..####................##...
...>........#..####.........##.>.
#..####..##....## ###...#........
#...............#######<.....?...
........#........................
..#.....#........#########.###...
#†#........#......### #..##...
#..........#.#.o@...# ##.#####
.........###.#..fo#.## .#
#.....)... #.#.#..#..## .#
........## #)#......# [........
#...#.....# .........
###<........ ######### #...!.....
#........# .)......##


You could see a sleepcap (inner flame) and 2 orcs.

Vanquished Creatures
  2 bullfrogs
  A wight (D:7)
  A howler monkey (D:8)
  A hound (D:6)
  A jelly (D:7)
  An adder (D:6)
  A shadow imp (D:6)
  A white imp (D:6)
  2 orcs (D:6)
11 creatures vanquished.

Notes
Turn   | Place    | Note
-------+----------+-------------------------------------------
     0 | D:5      | GordonOverkill the Octopode Delver began the quest for the
                  | Orb.
     0 | D:5      | Reached XP level 1. HP: 16/16 MP: 1/1
     5 | D:6      | Noticed an iguana
    16 | D:6      | Reached XP level 2. HP: 12/21 MP: 2/2
    22 | D:7      | Noticed a wight
    22 | D:7      | Noticed a wight
    22 | D:7      | Noticed a wight
    22 | D:7      | Noticed a wight
    23 | D:7      | Killed a wight
    24 | D:7      | Reached XP level 3. HP: 16/26 MP: 3/3
    24 | D:7      | Reached XP level 4. HP: 19/31 MP: 4/4
    26 | D:7      | Noticed a wyvern
    29 | D:7      | Noticed a bullfrog
    39 | D:7      | Killed a bullfrog
    40 | D:7      | Reached skill level 5 in Short Blades
    40 | D:7      | Reached XP level 5. HP: 19/36 MP: 5/5
    40 | D:7      | Noticed an acid dragon
    66 | D:6      | Noticed Grinder
    77 | D:6      | Found a staircase to the Ecumenical Temple.
    86 | Temple   | Entered the Ecumenical Temple
   187 | Temple   | Became a worshipper of Vehumet
   208 | D:6      | Reached skill level 1 in Spellcasting
   268 | D:7      | Noticed an ice beast
   271 | D:7      | Reached skill level 1 in Evocations
   372 | D:8      | Noticed a yak
   375 | D:8      | Reached XP level 6. HP: 42/42 MP: 7/9
   531 | D:6      | HP: 2/42 [something (10)]
   532 | D:6      | Slain by an orc

Illustrated notes

Levels and vault maps discovered:
D:5:      layout_layer_cave, nicolae_dithmenos_shadow_blocks, xom_teletrap_fun,
          chequers_serial_rivers_micro_e, nicolae_take_the_stairs,
          hangedman_abyss_or_decor_stabs, minmay_misc_feat_iff
D:6:      layout_rooms, minmay_temple_entry_trees, uniq_grinder
D:7:      layout_loops_ring
D:8:      layout_loops_ring, minmay_fire_ice_demons
Temple:   compressed_dpeg_triangle_lava_temple

Skill      XL: |  1  2  3  4  5 |
---------------+----------------+-----
Short Blades   | 4 5 |  5.0
Spellcasting   | 2 |  2.0
Evocations     | 3 |  3.4
Fighting       | |  3.0
Dodging        | |  2.0
Stealth        | |  6.6

Action                     |  1- 3 |  4- 6 || total
---------------------------+-------+-------++-------
  Melee: Short sword       |     5 |    32 ||    37
         Tentacles         |     2 |     8 ||    10
         Constrict         |     1 |     5 ||     6
    Use: Potion            |     1 |       ||     1
         Scroll            |       |     4 ||     4
   Stab: Sleeping          |     1 |     4 ||     5
 Armour: Skin              |       |     2 ||     2
  Dodge: Dodged            |     3 |    21 ||    24

Table legend: (Time is in decaauts)
 A = Elapsed time spent in this place.
 B = Non-inter-level travel time spent in this place.
 C = Inter-level travel time spent in this place.
 D = Time resting spent in this place.
 E = Time spent auto-exploring this place.
 F = Levels seen in this place.
 G = Mean time per level.
                   A        B        C        D        E       F      G
               +--------+--------+--------+--------+--------+-----+--------+
         Total |    510 |    510 |      0 |    174 |      0 |   5 |  102.0 |
       Dungeon |    401 |    401 |      0 |     80 |      0 |   4 |  100.2 |
        Temple |    108 |    108 |      0 |     94 |      0 |   1 |  108.0 |
               +--------+--------+--------+--------+--------+-----+--------+

Top non-repeatable levels by time:
     D:6: 250 daAuts
     D:7: 132 daAuts
  Temple: 108 daAuts
     D:8: 14 daAuts
     D:5: 5 daAuts
